 Dungeon Crawl Stone Soup version 0.27-a0-828-g8289197e94 (webtiles) character file.

Game seed: 14991054360098213317

9736 robertstho the Thaumaturge (level 11, -1/66 (76) HPs)
             Began as a Djinni Fire Elementalist on Mar 30, 2021.
             Was an Initiate of Gozag.
             Killed from afar by a shadow dragon (19 damage)
             ... with a bolt of negative energy
             ... on level 2 of the Abyss.
             The game lasted 00:21:26 (13570 turns).

robertstho the Thaumaturge (DjFE)                  Turns: 13570, Time: 00:21:27

HP:   -1/66 (76)    AC:  7    Str:  7    XL:     11   Next: 51%
Gold: 393           EV: 14    Int: 21    God:    Gozag SH:  0 Dex: 13

rFire    + + +     SeeInvis .   v - +1 dagger (elec)
rCold    x . .     Faith    .   (no shield)
rNeg     + . .     Spirit   .   z - +0 steam dragon scales
rPois    ∞         Reflect  .   A - +0 helmet
rElec    +         Harm     .   C - +0 cloak
rCorr    +         Rampage  .   (no gloves)
Will     +....                  (boots unavailable)
Stlth    +++.......             (no amulet)
HPRegen  0.21/turn              e - ring of positive energy
MPRegen  0.00/turn              y - ring of fire

@: resistant, flying, very slightly contaminated, heavily drained, invisible
A: fire resistance 2, cold vulnerability 1, float, innate caster, hp casting,
extra vitality 1
a: Renounce Religion, Potion Petition, Call Merchant, Bribe Branch


You were on level 2 of the Abyss.
You worshipped Gozag.
Gozag was aware of your devotion.
You visited 2 branches of the dungeon, and saw 12 of its levels.
You visited the Abyss 1 time.
You also visited: Sewer.

You collected 1128 gold pieces.
You paid 735 gold pieces to Gozag.

Inventory:

Hand Weapons
 g - a +1 short sword
 m - a +1 dagger of speed
 s - a +0 mace of draining
 u - a +1 flail of holy wrath
 v - a +1 dagger of electrocution (weapon)
Armour
 o - a +2 robe of willpower
 z - +0 steam dragon scales (worn)
 A - a +0 helmet (worn)
 C - a +0 cloak (worn)
 D - a +0 robe of fire resistance
Magical Staves
 J - a staff of air
Jewellery
 e - a ring of positive energy (left hand)
 y - a ring of fire (right hand)
Wands
 l - a wand of mindburst (23)
 p - a wand of digging (2)
 x - a wand of iceblast (3)
 E - a wand of flame (6)
 H - a wand of random effects (16)
Scrolls
 b - 2 scrolls of fog
 d - a scroll of summoning {unknown}
 f - a scroll of noise {unknown}
 k - a scroll of blinking {unknown}
 t - a scroll of enchant armour {unknown}
 w - 4 scrolls of teleportation {unknown}
 B - a scroll of torment {unknown}
 F - 2 scrolls of magic mapping {unknown}
Potions
 a - 3 potions of mutation
 c - 3 potions of haste
 h - 6 potions of ambrosia
 i - a potion of attraction
 j - 4 potions of brilliance
 n - a potion of might
 q - a potion of lignification
 G - a potion of degeneration {unknown}


   Skills:
 * Level 5.9 Fighting
 + Level 1.6 Short Blades
 + Level 1.4 Maces & Flails
 + Level 5.5 Dodging
 + Level 4.3 Stealth
 * Level 12.6 Spellcasting


You had 5 spell levels left.
You knew the following spells:

 Your Spells              Type           Power      Damage    Failure   Level
a - Foxfire               Conj/Fire      100%       2x1d9     1%          1
b - Conjure Flame         Conj/Fire      79%        6-21      1%          3
c - Inner Flame           Hex/Fire       79%        N/A       1%          3
d - Sticky Flame          Conj/Fire      79%        2d9       1%          4
e - Fireball              Conj/Fire      39%        3d16      1%          5
f - Freeze                Ice            100%       1d11      1%          1
g - Wereblood             Tmut           61%        N/A       1%          2
h - Gell's Gravitas       Tloc           30%        N/A       1%          3
i - Dazzling Flash        Conj/Hex       100%       N/A       1%          3
j - Silence               Hex/Air        30%        N/A       1%          5
Your spell library was empty.

Dungeon Overview and Level Annotations

Branches:
Dungeon (11/15)            Temple (1/1) D:7           Sewer (visited)
   Lair: D:8-11         Orc: D:9-12

Altars:
Cheibriados
Gozag
Hepliaklqana
Kikubaaqudgha
Makhleb
Nemelex Xobeh
Okawaru
Qazlal
Sif Muna
Vehumet
Xom
Zin

Annotations:
D:9 Joseph
D:11 Erolcha


Innate Abilities, Weirdness & Mutations

You are immune to poison.
Your flesh is very heat resistant. (rF++)
You are vulnerable to cold. (rC-)
You float through the air rather than walking.
You learn spells naturally, not from books.
Your magical power is your life essence.
You have superior vitality. (+4 HP)


Message History

[b] - 460 gold - haste and resistance [c] - 232 gold - heal wounds and curing Purchase which effect?
You no longer have enough gold to petition Gozag for potion effects.
You no longer have enough gold to fund merchants seeking to open stores in the dungeon.
You feel protected.
You fade into invisibility!
The shadow dragon burns!
The shadow dragon bites you!
* * * LOW HITPOINT WARNING * * *
The shadow dragon closely misses you. The shadow dragon claws you.
* * * LOW HITPOINT WARNING * * *
You are very lightly contaminated with residual magic.
You feel much better.
The shadow dragon burns!
The iron imp lashes its tail.
The shadow dragon bites you! The shadow dragon claws you!
* * * LOW HITPOINT WARNING * * *
The shadow dragon barely misses you.
Unknown command.
The iron imp closely misses you.
A large abomination comes into view.
The shadow dragon breathes negative energy at you.
The bolt of negative energy misses you. The iron imp barely misses you.
The shadow dragon breathes negative energy at you.
The bolt of negative energy hits you! You partially resist.
You feel drained.
* * * LOW HITPOINT WARNING * * *
Things that are here:
25 gold pieces; a grey potion
G - a grey potion You now have 393 gold pieces (gained 25).
A wretched star comes into view.
The shadow dragon breathes negative energy at you.
The bolt of negative energy misses you.
The iron imp disappears for a moment.
The wretched star moves out of view.
You feel better.
You feel better.
The shadow dragon breathes negative energy at you.
The bolt of negative energy hits you!! You partially resist.
You feel drained.
You die...
Your body crumbles into a pile of gold.

#.. x .# .§.
. .# . . #.
# # #
###...# ..
#.....# .#
###..# # .
*#
#....#...#.
#.
##.....#....
#.##@#.....#
#....##....#
#..D## #. .
#...##. ####
#.#.# .#..#
###
##.5#...#.#
# . .#
###..#..##.
... #..#
#.....####
...##.# #


You could see a shadow dragon (catching breath) and an iron imp (wandering).

Vanquished Creatures
  Harold (D:7)
  4 two-headed ogres
  Pikel (D:5)
  Maggie (D:7)
  A queen bee (D:10)
  Sigmund (D:5)
  A wraith (D:6)
  A steam dragon (D:9)
  3 water moccasins
  An acid dragon (D:9)
  A necrophage (D:6)
  2 orc warriors (D:10)
  A sky beast (D:7)
  2 black bears
  3 ice beasts
  An ogre (D:7)
  2 lemures
  7 centaurs
  2 phantoms
  2 kobold brigands
  6 bullfrogs
  2 gnoll sergeants
  A scorpion (D:9)
  2 water moccasin skeletons
  9 wights
  23 killer bees
  2 howler monkeys
  A jelly (D:6)
  A bullfrog zombie (D:6)
  3 centaur zombies
  5 hounds
  2 centaur skeletons (D:6)
  Crazy Yiuf (D:7)
  A bullfrog skeleton (D:7)
  A gnoll shaman (D:7)
  4 iguanas
  An orc wizard (D:6)
  A hound zombie (D:5)
  9 gnolls
  7 adders
  2 river rats (D:3)
  A shadow imp (D:6)
  A white imp (D:8)
  An ufetubus (D:4)
  2 worms
  A dart slug (D:3)
  27 orcs
  9 endoplasms
  8 giant cockroaches
  5 goblins
  7 hobgoblins
  2 jackals (D:2)
  7 quokkas
  8 ball pythons
  2 bats
  7 frilled lizards
  12 kobolds
  7 rats
229 creatures vanquished.

Vanquished Creatures (others)
  524 foxfires
  53 fungi (D:9)
  A lurking horror (Abyss:2)
  43 plants (D:9)
621 creatures vanquished.

Grand Total: 850 creatures vanquished

Notes
Turn   | Place    | Note
-------+----------+-------------------------------------------
     0 | D:1      | robertstho the Djinni Fire Elementalist began the quest for
                  | the Orb.
     0 | D:1      | Reached XP level 1. HP: 15/15 MP: 0/0
   350 | D:1      | Reached XP level 2. HP: 5/22 MP: 0/0
   682 | D:1      | Reached skill level 3 in Spellcasting
  1534 | D:2      | Reached skill level 1 in Fighting
  1534 | D:2      | Reached XP level 3. HP: 25/27 MP: 0/0
  1534 | D:2      | Learned a level 1 spell: Freeze
  2528 | D:3      | Found a glowing drain.
  2540 | D:3      | Reached XP level 4. HP: 12/32 MP: 0/0
  2545 | Sewer    | Entered a sewer
  2989 | Sewer    | Noticed a bullfrog
  2992 | Sewer    | Killed a bullfrog
  2993 | Sewer    | Reached skill level 4 in Spellcasting
  2993 | Sewer    | Reached XP level 5. HP: 34/38 MP: 0/0
  2993 | Sewer    | Learned a level 2 spell: Wereblood
  3178 | D:3      | You are sucked into a shaft and drop 1 floor!
  3296 | D:4      | Reached XP level 6. HP: 25/43 MP: 0/0
  3559 | D:4      | Noticed a black bear
  3613 | D:3      | Reached skill level 5 in Spellcasting
  4446 | D:4      | Killed a black bear
  4905 | D:5      | Entered Level 5 of the Dungeon
  4908 | D:5      | Noticed Pikel
  5162 | D:5      | Killed Pikel
  5163 | D:5      | Reached skill level 6 in Spellcasting
  5163 | D:5      | Reached XP level 7. HP: 43/50 MP: 0/0
  5163 | D:5      | Learned a level 3 spell: Gell's Gravitas
  5163 | D:5      | Reached XP level 8. HP: 48/56 MP: 0/0
  5202 | D:5      | Reached skill level 7 in Spellcasting
  5312 | D:5      | Noticed Sigmund
  5319 | D:5      | Killed Sigmund
  6561 | D:6      | Reached skill level 8 in Spellcasting
  6974 | D:6      | Reached XP level 9. HP: 30/62 MP: 0/0
  6974 | D:6      | Learned a level 3 spell: Dazzling Flash
  7635 | D:6      | Reached skill level 9 in Spellcasting
  7889 | D:6      | Reached skill level 1 in Short Blades
  8829 | D:7      | Found a staircase to the Ecumenical Temple.
  8879 | D:7      | Found a runed translucent door.
  8880 | D:7      | Noticed Crazy Yiuf
  9206 | D:7      | Noticed Maggie
  9222 | D:7      | Killed Maggie
  9223 | D:7      | Reached skill level 5 in Dodging
  9223 | D:7      | Reached skill level 10 in Spellcasting
  9223 | D:7      | Reached XP level 10. HP: 17/69 MP: 0/0
  9484 | D:7      | Noticed Harold
  9499 | D:7      | Killed Harold
 10295 | D:7      | Killed Crazy Yiuf
 10398 | D:8      | Reached skill level 5 in Fighting
 10640 | D:8      | Found a stormy altar of Qazlal.
 10726 | D:8      | Noticed a two-headed ogre
 10737 | D:8      | Killed a two-headed ogre
 10738 | D:8      | Reached skill level 11 in Spellcasting
 11070 | D:8      | Found a snail-covered altar of Cheibriados.
 11332 | Temple   | Entered the Ecumenical Temple
 11338 | Temple   | Became a worshipper of Gozag Ym Sagoz the Greedy
 12027 | D:9      | Reached skill level 1 in Maces & Flails
 12031 | D:9      | Noticed Joseph
 12033 | D:9      | Reached XP level 11. HP: 37/76 MP: 0/0
 12033 | D:9      | Learned a level 5 spell: Silence
 12309 | D:10     | Entered Level 10 of the Dungeon
 12469 | D:10     | Noticed a two-headed ogre
 12477 | D:10     | Killed a two-headed ogre
 12478 | D:10     | Reached skill level 12 in Spellcasting
 12772 | D:10     | Noticed a two-headed ogre
 12775 | D:10     | Killed a two-headed ogre
 12802 | D:10     | Noticed a two-headed ogre
 12809 | D:10     | Killed a two-headed ogre
 13394 | D:11     | Noticed Erolcha
 13449 | D:11     | Cast into level 2 of the Abyss (Erolcha)
 13497 | Abyss:2  | Noticed a large abomination
 13500 | Abyss:2  | Noticed a starcursed mass
 13545 | Abyss:2  | Noticed a shadow dragon
 13558 | Abyss:2  | Noticed a large abomination
 13566 | Abyss:2  | Noticed a wretched star
 13570 | Abyss:2  | Killed from afar by a shadow dragon

Illustrated notes

Levels and vault maps discovered:
D:1:      amcnicky_arrival_underground_garden, layout_loops_corners
D:2:      layout_basic, minivault_5
D:3:      layout_rooms, portal_sewer_entry_e, dk_vineyard_3
D:4:      layout_rooms
D:5:      cheibrodos_quashed, layout_basic, uniq_sigmund, uniq_pikel
D:6:      cheibrodos_barr_body, layout_loops_ring, minivault_19
D:7:      layout_loops_ring, minmay_temple_entry_waves, uniq_harold,
          uniq_crazy_yiuf_cottage, uniq_maggie
D:8:      layout_rooms, gammafunk_temple_overflow_forgotten,
          lemuel_crystal_altar, chequers_serial_rivers_small_b
D:9:      layout_cave_pods, due_lair_maze_entry_diamond, grunt_ministairs_8,
          uniq_joseph
D:10:     layout_rooms, special_room [special_room_bee]
D:11:     layout_loops_cross, orc_david_3, uniq_erolcha
Temple:   eino_narrow_crystal_temple
Abyss:2:  base:
D:11

Skill      XL: |  1  2  3  4  5  6  7  8  9 10 11 |
---------------+----------------------------------+-----
Spellcasting   | 3 4 6 8 10 11 12 | 12.6
Fighting       | 1 3 4 5 |  5.9
Stealth        | 2 3 4 |  4.3
Dodging        | 3 5 |  5.5
Short Blades   | 1 |  1.6
Maces & Flails | 1 |  1.4

Action                   |  1- 3 |  4- 6 |  7- 9 | 10-12 || total
-------------------------+-------+-------+-------+-------++-------
Melee: Dagger            |       |       |    49 |       ||    49
       Mace              |       |       |     1 |       ||     1
 Cast: Foxfire           |    80 |   121 |   105 |     6 ||   312
       Sticky Flame      |       |     2 |    23 |    11 ||    36
       Fireball          |       |       |    12 |    72 ||    84
Invok: Potion Petition   |       |       |       |     1 ||     1
  Use: Potion            |     1 |     1 |       |     5 ||     7
       Scroll            |       |     7 |     2 |     5 ||    14
 Stab: Sleeping          |       |       |     1 |       ||     1
Armor: Robe              |    13 |     4 |    25 |       ||    42
       Steam dragon scal |       |       |       |     8 ||     8
Dodge: Dodged            |    31 |    22 |    71 |    29 ||   153

Table legend: (Time is in decaauts)
 A = Elapsed time spent in this place.
 B = Non-inter-level travel time spent in this place.
 C = Inter-level travel time spent in this place.
 D = Time resting spent in this place.
 E = Time spent auto-exploring this place.
 F = Levels seen in this place.
 G = Mean time per level.
                   A        B        C        D        E       F      G
               +--------+--------+--------+--------+--------+-----+--------+
         Total |  13570 |  13028 |    542 |   2617 |   8794 |  14 |  969.3 |
       Dungeon |  12822 |  12287 |    535 |   2407 |   8460 |  11 | 1165.6 |
        Temple |     12 |      6 |      6 |      0 |      0 |   1 |   12.0 |
         Abyss |    120 |    120 |      0 |      0 |     42 |   1 |  120.0 |
         Sewer |    614 |    614 |      0 |    210 |    292 |   1 |  614.0 |
               +--------+--------+--------+--------+--------+-----+--------+

Top non-repeatable levels by time:
     D:6: 2029 daAuts
     D:7: 1891 daAuts
     D:1: 1435 daAuts
     D:8: 1419 daAuts
     D:5: 1389 daAuts
     D:2: 1219 daAuts
    D:10: 1135 daAuts
     D:4: 1010 daAuts
     D:3: 864 daAuts
   Sewer: 614 daAuts
     D:9: 422 daAuts
 Abyss:2: 120 daAuts
  Temple: 12 daAuts
    D:11: 5 daAuts
